 Dungeon Sprint DCSS version 0.24.0-1-gfbc8707 (webtiles) character file.

Game seed: 8634974649305100689, levelgen mode: deterministic

74116 Fang the Slayer (level 15, 0/123 HPs)
             Began as a Gargoyle Berserker on Nov 1, 2019.
             Was the Champion of Trog.
             Shot with an arrow by a deep elf master archer (11 damage)
             ... in the Dungeon (Sprint V: "Ziggurat Sprint").
             The game lasted 00:07:16 (1811 turns).

Fang the Slayer (Gargoyle Berserker)                Turns: 1811, Time: 00:07:17

Health: 0/123      AC: 62    Str: 35    XL:     15   Next: 45%
Magic:  15/15      EV:  7    Int:  5    God:    Trog [******]
Gold:   0          SH: 27    Dex: 10    Spells: 14/14 levels left

rFire    . . .     SeeInvis +   a - +5 broad axe (freeze)
rCold    . . .     Gourm    .   E - +18 shield of the Gong {rElec rN+ MR+ EV-5}
rNeg     + + .     Faith    .   b - +15 Maxwell's patent armour {-Cast -Tele rElec MR+ rCorr}
rPois    ∞         Spirit   .   G - +0 mask of the Dragon {MR+ Slay+3 SInv}
rElec    +         Reflect  .   C - +2 cloak {+Inv}
rCorr    +         Harm     .   P - +1 pair of gloves of Tuiklute {Str+9}
MR       ++++.     NoTele   +   y - +1 pair of boots of the Hidden Vale {Int-2 Dex+3 SInv} Stlth ..........NoCast +
                                H - amulet of regeneration
HPRegen  0.70/turn              z - ring of Robustness {AC+8}
MPRegen  0.14/turn              A - +5 ring of slaying

@: berserk cooldown, flying, slowed, studying Long Blades, very slow
A: big wings, clumsy 1, dopey 1, negative energy resistance 1, electricity
resistance, unbreathing, petrification resistance, rot immunity, AC +11
a: Stop Flying, Berserk, Trog's Hand, Brothers in Arms, Renounce Religion, Evoke
Invisibility


You were in the Dungeon.
You worshipped Trog.
Trog was exalted by your worship.
You were near starving.

You visited 1 branch

Inventory:

Hand Weapons
 a - a +5 broad axe of freezing (weapon)
 D - a +1 antimagic executioner's axe
 Q - the +8 frozen axe "Frostbite" {freezing cloud, *Noise +Fly rC+}
   (You found it in the Dungeon)

   It has been specially enchanted to freeze those struck by it, causing extra
   injury to most foes and up to half again as much damage against particularly
   susceptible opponents.
   It can also slow down cold-blooded creatures.
   It protects you from cold.
   It lets you fly.
   It may make noises in combat.
Armour
 b - the +15 Maxwell's patent armour (worn) {-Cast -Tele rElec MR+ rCorr}
   (You found it in the Dungeon)

   It insulates you from electricity.
   It affects your resistance to hostile enchantments.
   It prevents spellcasting.
   It prevents most forms of teleportation.
   It provides partial protection from all sources of acid and corrosion.
 y - the +1 pair of boots of the Hidden Vale (worn) {Int-2 Dex+3 SInv}
   (You found it in the Dungeon)

   It affects your intelligence (-2).
   It affects your dexterity (+3).
   It lets you see invisible.
 B - the +2 shield of Resistance {rF+ rC+ MR+}
   (You found it in the Dungeon)

   It protects you from fire.
   It protects you from cold.
   It affects your resistance to hostile enchantments.
 C - a +2 cloak of invisibility (worn)
 E - the +18 shield of the Gong (worn) {rElec rN+ MR+ EV-5}
   (You found it in the Dungeon)

   It affects your evasion (-5).
   It insulates you from electricity.
   It protects you from negative energy.
   It affects your resistance to hostile enchantments.
 G - the +0 mask of the Dragon (worn) {MR+ Slay+3 SInv}
   (You found it in the Dungeon)

   It affects your accuracy and damage with ranged weapons and melee attacks
   (+3).
   It affects your resistance to hostile enchantments.
   It lets you see invisible.
 I - the +1 cloak of Fourong {rF- rC+ Int+2}
   (You found it in the Dungeon)

   It affects your intelligence (+2).
   It makes you vulnerable to fire.
   It protects you from cold.
 J - the +0 Maxwell's etheric cage {RegenMP+ *Contam rElec MP+4}
   (You found it in the Dungeon)

   It insulates you from electricity.
   It affects your magic capacity (+4).
   It causes magical contamination when unequipped.
 P - the +1 pair of gloves of Tuiklute (worn) {Str+9}
   (You found it in the Dungeon)

   It affects your strength (+9).
Jewellery
 z - the ring of Robustness (left hand) {AC+8}
   (You took it off a crimson imp in the Dungeon)

   [ring of protection]

   It affects your AC (+8).
 A - a +5 ring of slaying (right hand)
 F - an uncursed ring of protection from cold
 H - an amulet of regeneration (around neck)
 L - an uncursed ring of see invisible
 M - an uncursed ring of protection from magic
 N - the ring "Suahuid" {MR- Str+6 Int-2 Stlth-}
   (You took it off a wight in the Dungeon)

   [ring of attention]

   It affects your strength (+6).
   It affects your intelligence (-2).
   It affects your resistance to hostile enchantments.
   It makes you less stealthy.
 O - the ring "Qyvireve" {+Inv rPois rC+}
   (You found it in the Dungeon)

   [ring of protection from cold]

   It protects you from cold.
   It protects you from poison.
   It lets you turn invisible.
 S - the ring of the Jolly Dreams {*Corrode rPois Dex+4 Slay+2}
   (You took it off an orc high priest in the Dungeon)

   [ring of slaying]

   It affects your dexterity (+4).
   It affects your accuracy and damage with ranged weapons and melee attacks
   (+2).
   It protects you from poison.
   It may corrode you when you take damage.
 V - an uncursed ring of protection from fire
 W - a +4 ring of slaying
Wands
 u - a wand of disintegration (7)
 v - a wand of iceblast (7)
 w - a wand of acid (7)
Scrolls
 i - 4 scrolls of blinking
 j - 7 scrolls of fog
 k - a scroll of holy word
 l - 4 scrolls of identify
 m - 5 scrolls of remove curse
 n - 2 scrolls of fear
 T - 2 scrolls of brand weapon
Potions
 d - 10 potions of curing
 e - 22 potions of heal wounds
 f - 6 potions of haste
 g - 7 potions of magic
 h - 3 potions of berserk rage
 o - 2 potions of brilliance
 p - 2 potions of invisibility
 q - 4 potions of resistance
 r - a potion of experience
 s - 5 potions of agility
 t - 6 potions of might
Books
 x - a manual of Long Blades
Comestibles
 c - 7 rations
 R - 97 chunks of flesh


   Skills:
 * Level 25.1 Fighting
 * Level 21.9 Axes
 + Level 18.9 Armour
 + Level 15.2 Dodging


You had 14 spell levels left.
You didn't know any spells.
Your spell library was empty.

Dungeon Overview and Level Annotations

Branches:
Dungeon (1/1)

Altars:
Ashenzari
Cheibriados
Dithmenos
Elyvilon
Fedhas
Gozag
Hepliaklqana
Kikubaaqudgha
Makhleb
Nemelex Xobeh
Okawaru
Qazlal
Ru
Sif Muna
Trog
Uskayaw
Vehumet
Wu Jian
Xom
Yredelemnul
Zin
The Shining One
Beogh
Jiyva
Lugonu


Innate Abilities, Weirdness & Mutations

You are resistant to torment.
Your stone body is resilient. (AC +11)
You are immune to poison.
Your large and strong wings let you fly indefinitely.
You resist negative energy. (rN+)
You are resistant to electric shocks. (rElec)
You can survive without breathing.
You are immune to petrification.
You are immune to rotting.
You are clumsy. (Dex -2)
You are dopey. (Int -2)


Message History

You freeze the deep elf annihilator. You slash the deep elf master archer!
You freeze the deep elf master archer.
You hit the deep elf sorcerer but do no damage.
You miss the deep elf knight. You slice the deep elf master archer!!
You freeze the deep elf master archer.
You block the deep elf sorcerer's attack.
PTOANNNG!
You block the deep elf sorcerer's attack.
GONNNNG!
You block the deep elf knight's attack.
PTOANNNG!
The ynoxinul gestures.
Your stone giant hits the ice beast.
The ice beast dies!
The deep elf master archer shoots an arrow.
The arrow hits you.
* * * LOW HITPOINT WARNING * * *
The deep elf master archer shoots an arrow.
The arrow hits you!
You die...

▓..)|.:=)
..:[[:)|::}}...▓........
..::)):Y.)..:..▓........
.....eee:......▓........
.....453..5....▓.....†††
.....*.se§.....▓......)†
..○.Yeee35.....▓..▓..†).
...°sseeee.....▓.▓▓▓....
....E3e@55e....▓..▓.....
......e)e......▓........
...▓.eC....▓...▓......©.
. ▓.▓.....▓.▓ .▓▓▓▓▓▓▓▓▓
...▓.......▓...▓.....8©8
...............▓.:)).)..
.......©.......▓..::})).
▓▓▓▓▓▓▓▓▓▓▓▓▓▓▓▓........
▓........


You could see 3 deep elf master archers, 2 deep elf annihilators, 2 deep elf
sorcerers, 2 deep elf knights, 2 deep elf high priests, a rust devil, 5 deep elf
magi, a smoke demon, a fire elemental, a neqoxec, a ynoxinul, 3 redbacks, 2 ice
beasts, a battlesphere, 5 ufetubi and a friendly stone giant (berserk).

Vanquished Creatures
  2 ancient liches (D)
  A deep elf master archer (D)
  2 deep elf blademasters (D)
  A nagaraja (D)
  A fire giant (D)
  A frost giant (D)
  A deep elf sorcerer (D)
  A ghoul (D)
  3 stone giants (D)
  A very ugly thing (D)
  An entropy weaver (D)
  2 vampire knights (D)
  A spark wasp (D)
  A deep elf annihilator (D)
  A merfolk impaler (D)
  A death ooze (D)
  5 two-headed ogres (D)
  3 naga warriors (D)
  An anaconda (D)
  3 merfolk aquamancers (D)
  3 dancing weapons (D)
  2 hell hogs (D)
  A vampire mage (D)
  3 orc high priests (D)
  2 deep elf knights (D)
  A skeletal warrior (D)
  A sea snake (shapeshifter) (D)
  A deep elf archer (D)
  A glowing orange brain (D)
  An orb spider (D)
  A wolf spider (D)
  2 manticores (D)
  4 deep elf magi (D)
  5 ugly things (D)
  A salamander (shapeshifter) (D)
  A wolf spider (shapeshifter) (D)
  6 shining eyes (D)
  4 orc sorcerers (D)
  A moth of wrath (D)
  5 cyclopes (D)
  A merfolk siren (D)
  A black mamba (shapeshifter) (D)
  A naga mage (D)
  A black mamba (D)
  A guardian serpent (D)
  A spiny frog (shapeshifter) (D)
  A rime drake (shapeshifter) (D)
  A demonic crawler (D)
  3 efreet (D)
  4 hornets (D)
  8 trolls (D)
  A meliai (shapeshifter) (D)
  A troll (shapeshifter) (D)
  2 jumping spiders (D)
  A polar bear (shapeshifter) (D)
  A tyrant leech (shapeshifter) (D)
  3 slime creatures (D)
  2 hippogriffs (shapeshifter) (D)
  2 tarantellas (D)
  A water elemental (D)
  3 spriggans (D)
  A shadow (D)
  Sigmund (D)
  2 redbacks (D)
  A spriggan (shapeshifter) (D)
  A wraith (D)
  A wyvern (shapeshifter) (D)
  A golden eye (D)
  A neqoxec (D)
  A swamp worm (shapeshifter) (D)
  A water moccasin (shapeshifter) (D)
  3 water moccasins (D)
  A warg (D)
  3 hell hounds (D)
  A black bear (shapeshifter) (D)
  An orc warrior (D)
  A sky beast (shapeshifter) (D)
  An eye of draining (shapeshifter) (D)
  2 black bears (D)
  3 necrophages (D)
  8 ogres (D)
  A wolf (D)
  A boggart (shapeshifter) (D)
  Blork the orc (D)
  2 bullfrogs (shapeshifter) (D)
  2 scorpions (D)
  A wight (D)
  2 crimson imps (D)
  A quasit (D)
  3 jellies (D)
  4 orc priests (D)
  Jessica (D)
  2 orc wizards (D)
  An adder (D)
  3 oozes (D)
  2 adder zombies (D)
  2 adder skeletons (D)
  3 bat skeletons (D)
  4 bat zombies (D)
  5 ball pythons (D)
  A fire vortex (D)
196 creatures vanquished.

Vanquished Creatures (collateral kills)
  A merfolk impaler (D)
  A snapping turtle (D)
2 creatures vanquished.

Vanquished Creatures (others)
  A merfolk aquamancer (D)
  A spatial maelstrom (D)
2 creatures vanquished.

Grand Total: 200 creatures vanquished

Notes
Turn   | Place    | Note
-------+----------+-------------------------------------------
     0 | D        | Fang the Gargoyle Berserker began the quest for the Orb.
     0 | D        | Reached XP level 1. HP: 14/14 MP: 1/1
     4 | D        | Banished a spatial maelstrom
     7 | D        | Found a blossoming altar of Fedhas.
     8 | D        | Found the +6 Majin-Bo {vamp, Archmagi MP+6 Int+6}
     8 | D        | Found the +7 great mace "Firestarter" {inner flame, rF++}
     8 | D        | Found a viscous altar of Jiyva.
     8 | D        | Found a transporter.
     8 | D        | Found a hazy altar of Hepliaklqana.
     8 | D        | Found an ancient bone altar of Kikubaaqudgha.
     8 | D        | Found an opulent altar of Gozag.
     8 | D        | Found a corrupted altar of Lugonu.
    10 | D        | Found a burning altar of Makhleb.
    13 | D        | Found a stormy altar of Qazlal.
    13 | D        | Found an iron altar of Okawaru.
    13 | D        | Found a sacrificial altar of Ru.
    13 | D        | Found a sparkling altar of Nemelex Xobeh.
    13 | D        | Found a shimmering blue altar of Sif Muna.
    13 | D        | Found a bloodstained altar of Trog.
    20 | D        | Found the +9 heavy crossbow "Sniper" {velocity, Acc+∞ SInv}
    20 | D        | Found the +10 dark maul {crush}
    20 | D        | Found the +15 Maxwell's patent armour {-Cast -Tele rElec
                  | MR+ rCorr}
    20 | D        | Found the +18 shield of the Gong {rElec rN+ MR+ EV-5}
    20 | D        | Found the cursed +14 obsidian axe {chop, +Fly SInv *Curse}
   106 | D        | Entered arena 2.
   106 | D        | Noticed a scorpion
   106 | D        | Noticed a scorpion
   106 | D        | Found a transporter.
   112 | D        | Killed a scorpion
   112 | D        | Reached skill level 5 in Fighting
   112 | D        | Reached XP level 2. HP: 21/21 MP: 2/2
   112 | D        | Reached XP level 3. HP: 26/26 MP: 3/3
   113 | D        | Killed a scorpion
   113 | D        | Reached skill level 6 in Fighting
   113 | D        | Reached skill level 5 in Axes
   113 | D        | Reached XP level 4. HP: 32/32 MP: 4/4
   246 | D        | Entered arena 3.
   246 | D        | Noticed Sigmund
   246 | D        | Noticed Jessica
   246 | D        | Noticed Blork the orc
   246 | D        | Found a transporter.
   249 | D        | Killed Blork the orc
   249 | D        | Reached ** piety under Trog
   249 | D        | Reached skill level 7 in Fighting
   249 | D        | Reached skill level 5 in Armour
   249 | D        | Reached XP level 5. HP: 38/38 MP: 5/5
   250 | D        | Killed Jessica
   254 | D        | Killed Sigmund
   254 | D        | Reached *** piety under Trog
   254 | D        | Reached skill level 9 in Fighting
   254 | D        | Reached XP level 6. HP: 46/46 MP: 6/6
   386 | D        | Entered arena 4.
   386 | D        | Found a transporter.
   391 | D        | Reached skill level 5 in Dodging
   392 | D        | Reached **** piety under Trog
   397 | D        | Reached XP level 7. HP: 52/52 MP: 7/7
   444 | D        | Entered arena 5.
   444 | D        | Found a transporter.
   448 | D        | Reached ***** piety under Trog
   559 | D        | Entered arena 6.
   559 | D        | Noticed a wyvern
   559 | D        | Found a transporter.
   561 | D        | Reached skill level 10 in Fighting
   563 | D        | Received a gift from Trog
   564 | D        | Killed a wyvern
   567 | D        | Reached skill level 11 in Fighting
   568 | D        | Reached XP level 8. HP: 60/60 MP: 8/8
   705 | D        | Entered arena 7.
   706 | D        | Found the +12 glaive of Prune {chop}
   706 | D        | Found the +2 shield of Resistance {rF+ rC+ MR+}
   706 | D        | Found a transporter.
   737 | D        | Entered arena 8.
   737 | D        | Noticed a spriggan rider
   737 | D        | Noticed a spriggan
   737 | D        | Noticed a spriggan
   738 | D        | Found a transporter.
   741 | D        | Reached skill level 10 in Axes
   742 | D        | Killed a spriggan
   742 | D        | Reached ****** piety under Trog
   742 | D        | Received a gift from Trog
   742 | D        | Reached skill level 12 in Fighting
   745 | D        | Killed a spriggan
   757 | D        | Killed a spriggan rider
   757 | D        | Killed a hornet
   757 | D        | Reached XP level 9. HP: 67/67 MP: 9/9
   757 | D        | Reached skill level 13 in Fighting
   805 | D        | Entered arena 9.
   805 | D        | Noticed a deep elf knight
   805 | D        | Noticed a deep elf archer
   805 | D        | Noticed a deep elf mage
   805 | D        | Noticed a deep elf mage
   805 | D        | Noticed a spiny frog
   805 | D        | Noticed a deep elf mage
   805 | D        | Noticed a deep elf mage
   806 | D        | Found the +0 mask of the Dragon {MR+ Slay+3 SInv}
   806 | D        | Found a transporter.
   809 | D        | Noticed a demonic crawler
   809 | D        | Killed a spiny frog
   809 | D        | Reached skill level 10 in Armour
   811 | D        | Killed a deep elf mage
   811 | D        | Received a gift from Trog
   811 | D        | Reached skill level 14 in Fighting
   815 | D        | Killed a deep elf mage
   815 | D        | Reached XP level 10. HP: 75/75 MP: 10/10
   815 | D        | Killed a deep elf mage
   815 | D        | Killed a deep elf knight
   815 | D        | Received a gift from Trog
   818 | D        | Killed a deep elf mage
   818 | D        | Reached skill level 15 in Fighting
   820 | D        | Killed a deep elf archer
   855 | D        | Entered arena 10.
   855 | D        | Noticed a hell hog
   855 | D        | Noticed a hell hog
   861 | D        | Received a gift from Trog
   862 | D        | Killed a hell hog
   865 | D        | Killed a hell hog
   865 | D        | Reached skill level 16 in Fighting
   865 | D        | Reached XP level 11. HP: 83/83 MP: 11/11
   906 | D        | Found a transporter.
   952 | D        | Entered arena 11.
   952 | D        | Noticed a shining eye
   952 | D        | Noticed a shining eye
   952 | D        | Noticed a cyan ugly thing
   952 | D        | Noticed a salamander
   952 | D        | Noticed a purple ugly thing
   954 | D        | Found a transporter.
   955 | D        | Gained mutation: You are agile. (Dex +2) [a neqoxec]
   959 | D        | Received a gift from Trog
   962 | D        | Killed a cyan ugly thing
   962 | D        | Killed a purple ugly thing
   963 | D        | Killed a shining eye
   964 | D        | Lost mutation: You are agile. (Dex +2) [a shining eye]
   966 | D        | Killed a salamander
   966 | D        | Reached skill level 17 in Fighting
   968 | D        | Killed a shining eye
   968 | D        | Received a gift from Trog
   968 | D        | Reached skill level 10 in Dodging
  1001 | D        | Entered arena 12.
  1003 | D        | Found the +0 Maxwell's etheric cage {RegenMP+ *Contam rElec
                  | MP+4}
  1004 | D        | Found a transporter.
  1009 | D        | Received a gift from Trog
  1036 | D        | Entered arena 13.
  1036 | D        | Noticed a merfolk aquamancer
  1036 | D        | Noticed a manticore
  1036 | D        | Noticed a merfolk aquamancer
  1036 | D        | Noticed a merfolk aquamancer
  1036 | D        | Noticed a manticore
  1037 | D        | Identified the +3 spear of Vanity {holy, MR+ Str+2 SInv}
  1037 | D        | Noticed a merfolk impaler
  1037 | D        | Noticed a merfolk impaler
  1042 | D        | Killed a merfolk aquamancer
  1042 | D        | Reached skill level 15 in Axes
  1044 | D        | Identified the +6 long sword "Zuetheno" {antimagic, rF++
                  | Str+4}
  1044 | D        | Noticed a merfolk aquamancer
  1045 | D        | Killed a merfolk aquamancer
  1045 | D        | Received a gift from Trog
  1057 | D        | Killed a merfolk aquamancer
  1059 | D        | Killed a manticore
  1060 | D        | Killed a manticore
  1060 | D        | Reached XP level 12. HP: 75/92 MP: 12/12
  1061 | D        | Reached skill level 18 in Fighting
  1064 | D        | Killed a merfolk aquamancer
  1064 | D        | Received a gift from Trog
  1065 | D        | Killed a merfolk impaler
  1075 | D        | Killed a merfolk impaler
  1081 | D        | Found a transporter.
  1145 | D        | Entered arena 14.
  1145 | D        | Identified the cursed +1 hunting sling of the Endless
                  | Expanse {flame, rElec Int+3}
  1145 | D        | Noticed a vampire knight
  1145 | D        | Noticed a vampire mage
  1145 | D        | Identified the ring "Suahuid" {MR- Str+6 Int-2 Stlth-}
  1145 | D        | Identified the cursed +1 longbow "Ybarofas" {freeze, rElec}
  1145 | D        | Noticed a vampire knight
  1147 | D        | Noticed an ancient lich
  1148 | D        | Noticed an ancient lich
  1149 | D        | Noticed a ghoul
  1152 | D        | Noticed a hell beast
  1153 | D        | Received a gift from Trog
  1154 | D        | Killed a vampire knight
  1155 | D        | Killed a vampire mage
  1156 | D        | Killed a vampire knight
  1156 | D        | Reached skill level 19 in Fighting
  1163 | D        | Noticed an Ice Fiend
  1164 | D        | Killed an ancient lich
  1164 | D        | Received a gift from Trog
  1164 | D        | Reached XP level 13. HP: 101/101 MP: 13/13
  1166 | D        | Reached skill level 20 in Fighting
  1171 | D        | Killed an ancient lich
  1171 | D        | Reached skill level 15 in Armour
  1176 | D        | Killed a ghoul
  1176 | D        | Received a gift from Trog
  1196 | D        | Found a transporter.
  1203 | D        | Got the ring "Qyvireve" {+Inv rPois rC+}
  1209 | D        | Entered arena 15.
  1211 | D        | Noticed a nagaraja
  1216 | D        | Reached skill level 21 in Fighting
  1216 | D        | Received a gift from Trog
  1217 | D        | Killed a nagaraja
  1222 | D        | Received a gift from Trog
  1232 | D        | Found a transporter.
  1319 | D        | Entered arena 16.
  1320 | D        | Noticed a death ooze
  1322 | D        | Found the +4 moon troll leather armour {Spirit, Regen++
                  | MP+5}
  1322 | D        | Found a transporter.
  1326 | D        | Killed a death ooze
  1328 | D        | Gained mutation: You are dopey. (Int -2) [a shining eye]
  1329 | D        | Received a gift from Trog
  1357 | D        | Got the +1 pair of gloves of Tuiklute {Str+9}
  1371 | D        | Entered arena 17.
  1374 | D        | Noticed a spark wasp
  1374 | D        | Noticed an entropy weaver
  1375 | D        | Found the +8 frozen axe "Frostbite" {freezing cloud, *Noise
                  | +Fly rC+}
  1375 | D        | Found the +2 robe of Vines {NoPotionHeal Regen+7}
  1379 | D        | Received a gift from Trog
  1379 | D        | Gained mutation: Your large and strong wings let you fly
                  | indefinitely. [Gargoyle growth]
  1379 | D        | Reached XP level 14. HP: 111/111 MP: 14/14
  1381 | D        | Reached skill level 22 in Fighting
  1383 | D        | Received a gift from Trog
  1389 | D        | Killed an entropy weaver
  1389 | D        | Received a gift from Trog
  1390 | D        | Found a transporter.
  1419 | D        | Got the +1 pair of boots of the Hidden Vale {Int-2 Dex+3
                  | SInv}
  1429 | D        | Entered arena 18.
  1432 | D        | Noticed a cyan very ugly thing
  1442 | D        | Received a gift from Trog
  1443 | D        | Found a transporter.
  1446 | D        | Gained mutation: You are clumsy. (Dex -2) [a shining eye]
  1449 | D        | Killed a white very ugly thing
  1449 | D        | Received a gift from Trog
  1565 | D        | Entered arena 19.
  1566 | D        | Noticed a stone giant
  1574 | D        | Received a gift from Trog
  1575 | D        | Reached skill level 23 in Fighting
  1578 | D        | Killed a stone giant
  1578 | D        | Received a gift from Trog
  1578 | D        | Identified the ring of the Jolly Dreams {*Corrode rPois
                  | Dex+4 Slay+2}
  1585 | D        | Received a gift from Trog
  1626 | D        | Found a transporter.
  1669 | D        | Entered arena 20.
  1674 | D        | Noticed a stone giant
  1674 | D        | Noticed a frost giant
  1674 | D        | Noticed a fire giant
  1674 | D        | Noticed a stone giant
  1677 | D        | Found a transporter.
  1678 | D        | Received a gift from Trog
  1683 | D        | Killed a fire giant
  1683 | D        | Received a gift from Trog
  1684 | D        | Killed a frost giant
  1687 | D        | Received a gift from Trog
  1687 | D        | Reached skill level 24 in Fighting
  1687 | D        | Reached XP level 15. HP: 120/120 MP: 15/15
  1691 | D        | Received a gift from Trog
  1781 | D        | Got the +1 cloak of Fourong {rF- rC+ Int+2}
  1789 | D        | Entered arena 21.
  1793 | D        | Noticed a deep elf blademaster
  1793 | D        | Noticed a deep elf blademaster
  1793 | D        | Noticed a deep elf master archer
  1794 | D        | Noticed a deep elf sorcerer
  1794 | D        | Noticed a deep elf master archer
  1794 | D        | Noticed a deep elf master archer
  1794 | D        | Noticed a deep elf sorcerer
  1794 | D        | Identified the +2 robe of Inquiry {rF+ rCorr Str-4 Int+8}
  1794 | D        | Noticed a deep elf sorcerer
  1795 | D        | Noticed a deep elf master archer
  1799 | D        | Killed a deep elf blademaster
  1804 | D        | Killed a deep elf blademaster
  1804 | D        | Received a gift from Trog
  1806 | D        | Reached skill level 15 in Dodging
  1807 | D        | Killed a deep elf master archer
  1807 | D        | Reached skill level 25 in Fighting
  1808 | D        | Killed a deep elf sorcerer
  1808 | D        | Received a gift from Trog
  1811 | D        | Shot with an arrow by a deep elf master archer

Levels and vault maps discovered:
D:        sprint_v [room_start, room_1, room_2, room_3, room_4, room_5, room_6,
          room_7, room_8, room_9, room_10, room_11, room_12, room_13, room_14,
          room_15, room_16, room_17, room_18, room_19, room_20, room_21,
          room_22, room_23, room_24, room_25, room_26, room_27]

Skill      XL: |  1  2  3  4  5  6  7  8  9 10 11 12 13 14 15 |
---------------+----------------------------------------------+-----
Fighting       | 5 6 7 9 11 12 14 16 17 19 21 24 25 | 25.1
Axes           | 4 5 6 7 8 9 11 12 13 15 17 19 21 | 21.9
Armour         | 3 4 5 6 7 9 10 11 13 14 16 18 | 18.9
Dodging        | 2 3 4 5 6 7 8 9 10 11 13 14 15 | 15.2

Action                   |  1- 3 |  4- 6 |  7- 9 | 10-12 | 13-15 || total
-------------------------+-------+-------+-------+-------+-------++-------
Melee: Broad axe         |     6 |    14 |    45 |    85 |   139 ||   289
Invok: Berserk           |     1 |     2 |     3 |     4 |     7 ||    17
       Brothers in Arms  |       |       |       |     1 |     1 ||     2
 Abil: Fly               |       |       |       |       |     1 ||     1
  Use: Scroll            |       |       |       |     1 |     1 ||     2
  Eat: Chunk             |       |       |     4 |     5 |     9 ||    18
Armor: Plate armour      |     1 |       |    34 |    87 |    63 ||   185
Dodge: Dodged            |       |       |     1 |    12 |    13 ||    26
Block: Shield            |     9 |    15 |    56 |   151 |   152 ||   383
